 Dungeon Crawl Stone Soup version 0.29.0-4-gdea44cf6ec (webtiles) character file.

Game seed: 7451795854593866206

61 qw the Chopper (level 4, 0/26 HPs)
             Began as a Tengu Warper on Aug 28, 2022.
             Slain by a gnoll
             ... wielding a +0 spear
              (2 damage)
             ... on level 2 of the Dungeon.
             The game lasted 00:00:10 (1945 turns).

qw the Chopper (Tengu Warper)                       Turns: 1945, Time: 00:00:11

Health: 0/26       AC:  8    Str: 13    XL:     4   Next: 7%
Magic:  8/8        EV:  6    Int: 14    God:
Gold:   130        SH:  0    Dex: 13    Spells: 7/7 levels left

rFire   . . .      SeeInvis .   Y - +1 hand axe
rCold   . . .      Faith    .   (no shield)
rNeg    . . .      Spirit   .   h - +0 chain mail
rPois   .          Reflect  .   (helmet restricted)
rElec   .          Harm     .   (no cloak)
rCorr   .          Rampage  .   (no gloves)
Will    .....                   (boots unavailable)
Stlth   ..........              (no amulet)
HPRegen 0.08/turn               (no ring)
MPRegen 0.11/turn               (no ring)

@: no status effects
A: beak, talons 3
a: no special abilities


You were on level 2 of the Dungeon.
You visited 1 branch of the dungeon, and saw 2 of its levels.

You collected 130 gold pieces.


Innate Abilities, Weirdness & Mutations

You have a beak for a mouth.
You have claws for feet.


   Skills:
 - Level 2.0 Fighting
 + Level 4.6 Axes
 - Level 1.0 Throwing
 - Level 1.1 Armour
 - Level 2.1 Dodging
 - Level 2.0 Spellcasting
 - Level 2.4 Translocations


You had 7 spell levels left.
You didn't know any spells.
Your spell library contained the following spells:

 Spells                   Type           Power      Damage    Failure   Level
 Blink                    Tloc           16%        N/A       99%         2
 Gell's Gravitas          Tloc           8%         N/A       100%        3
 Lesser Beckoning         Tloc           8%         N/A       100%        3
 Teleport Other           Tloc           8%         N/A       100%        3
 Manifold Assault         Tloc           8%         N/A       100%        5

Inventory:

Hand Weapons
 e - a +0 whip
 Y - a +1 hand axe (weapon)
Armour
 a - a +2 ring mail of positive energy
 h - a +0 chain mail (worn)
Scrolls
 c - a scroll of butterflies {unknown}
 g - a scroll of magic mapping {unknown}
Potions
 b - a potion of haste {unknown}
 d - 2 potions of curing {unknown}
 f - a potion of flight {unknown}
 i - a potion of might {unknown}
 m - a potion of heal wounds {unknown}

Dungeon Overview and Level Annotations

Branches:
Dungeon (2/15)

Altars:


Message History

You hit the adder.
You kill the adder!
You have reached level 4!
You feel clever.
There is an open door here.
You see here an adder corpse.
You open the door.
There is an open door here.
A gnoll comes into view. It is wielding a +0 club.
The gnoll shouts!
You hear a shout!
The gnoll moves out of view.
A gnoll comes into view. It is wielding a +0 flail.
The gnoll shouts!
You hear a shout!
A gnoll comes into view. It is wielding a +0 spear.
A gnoll comes into view. It is wielding a +0 whip.
The gnoll hits you with a +0 flail! The gnoll closely misses you.
You hit the gnoll. Your kick misses the gnoll. Your peck misses the gnoll.
The gnoll is moderately wounded.
The gnoll completely misses you. The gnoll barely misses you.
You hit the gnoll. You claw the gnoll, but do no damage.
The gnoll is heavily wounded.
The gnoll barely misses you.
The gnoll hits you from afar with a +0 spear!
You barely miss the gnoll.
The gnoll is heavily wounded.
The gnoll barely misses you.
The gnoll hits you from afar with a +0 spear.
You barely miss the gnoll. You claw the gnoll, but do no damage.
Your peck misses the gnoll.
The gnoll is heavily wounded.
The gnoll barely misses you.
The gnoll hits you from afar with a +0 spear.
You hit the gnoll but do no damage. You claw the gnoll.
Your peck misses the gnoll.
The gnoll is heavily wounded.
The gnoll barely misses you. x2
You hit the gnoll. Your kick misses the gnoll.
The gnoll is severely wounded.
The gnoll barely misses you.
The gnoll hits you from afar with a +0 spear.
You die...

. ##. ... .g# #g# #g#
#g# #@# # #.# .##.
#.# #######... #.#
#.......#
#.###.......#
#...'.......# #.
#####.......# .
##############%######
# #...........##.#
###


You could see 4 gnolls.

Vanquished Creatures
  An adder (D:2)
  A worm (D:2)
  6 dart slugs (D:1)
  4 endoplasms
  6 giant cockroaches
  3 goblins (D:1)
  2 hobgoblins (D:1)
  A quokka (D:1)
  A frilled lizard (D:2)
  7 kobolds
  5 rats (D:1)
37 creatures vanquished.

Notes
Turn   | Place    | Note
-------+----------+-------------------------------------------
     0 | D:1      | qw the Tengu Warper began the quest for the Orb.
     0 | D:1      | Reached XP level 1. HP: 12/12 MP: 4/4
     0 | D:1      | 0 ||| qw: Version: 0.1-a-89-g26bdef1
     0 | D:1      | 0 ||| qw: Game counter: 822
     0 | D:1      | 0 ||| qw: Always use a shield: true
     0 | D:1      | 0 ||| qw: God list: Okawaru
     0 | D:1      | 0 ||| qw: Allow faded altars: false
     0 | D:1      | 0 ||| qw: Do Orc after D:15 true
     0 | D:1      | 0 ||| qw: Do second Lair branch before Depths: true
     0 | D:1      | 0 ||| qw: Lair rune preference: random
     0 | D:1      | 0 ||| qw: Plans: Normal
     0 | D:1      | 0 ||| PLANNING D:1-11
   260 | D:1      | Reached XP level 2. HP: 16/17 MP: 6/6
   313 | D:1      | Reached skill level 3 in Axes
   365 | D:1      | 365 ||| Stepping ~*~*~tactically~*~*~ (hiding).
   860 | D:1      | 860 ||| Stepping ~*~*~tactically~*~*~ (hiding).
   861 | D:1      | 861 ||| Stepping ~*~*~tactically~*~*~ (hiding).
   868 | D:1      | Reached XP level 3. HP: 21/21 MP: 7/7
  1047 | D:1      | 1047 ||| Stepping ~*~*~tactically~*~*~ (hiding).
  1124 | D:1      | 1124 ||| Stepping ~*~*~tactically~*~*~ (hiding).
  1125 | D:1      | 1125 ||| Stepping ~*~*~tactically~*~*~ (hiding).
  1126 | D:1      | 1126 ||| Stepping ~*~*~tactically~*~*~ (hiding).
  1127 | D:1      | 1127 ||| Stepping ~*~*~tactically~*~*~ (hiding).
  1128 | D:1      | 1128 ||| Stepping ~*~*~tactically~*~*~ (hiding).
  1139 | D:1      | Reached skill level 4 in Axes
  1288 | D:1      | Found a faded altar of an unknown god.
  1652 | D:1      | 1652 ||| UPGRADING to +0 chain mail.
  1662 | D:1      | 1662 ||| DROPPING +0 leather armour.
  1663 | D:1      | 1663 ||| READING scroll labelled QOHUPE SIXT.
  1664 | D:1      | 1664 ||| READING scroll labelled XIGENL FAIFIMP.
  1665 | D:1      | 1665 ||| READING scroll labelled KIUCZUTZIB.
  1666 | D:1      | 1666 ||| DRINKING 2 puce potions.
  1718 | D:1      | 1718 ||| DROPPING scroll of blinking.
  1719 | D:1      | 1719 ||| DROPPING potion of lignification.
  1792 | D:2      | 1792 ||| Stepping ~*~*~tactically~*~*~ (stealth).
  1794 | D:2      | 1794 ||| Stepping ~*~*~tactically~*~*~ (stealth).
  1850 | D:2      | 1850 ||| Stepping ~*~*~tactically~*~*~ (stealth).
  1851 | D:2      | 1851 ||| Stepping ~*~*~tactically~*~*~ (stealth).
  1923 | D:2      | Reached XP level 4. HP: 26/26 MP: 8/8
  1943 | D:2      | HP: 2/26 [gnoll/+0 spear (5)]
  1945 | D:2      | Slain by a gnoll

Levels and vault maps discovered:
D:1:      dpeg_arrival_oval, layout_basic,
          hellmonk_ecumenical_altar_defaced_shrine, minmay_octomino_c4
D:2:      layout_basic, fountainhead, palyth_stone_intersect

Skill      XL: |  1  2  3 |
---------------+----------+-----
Axes           | 3 4 |  4.6
Fighting       | |  2.0
Throwing       | |  1.0
Armour         | |  1.1
Dodging        | |  2.1
Spellcasting   | |  2.0
Translocations | |  2.4

Action                   |  1- 3 |  4- 6 || total
-------------------------+-------+-------++-------
Melee: Hand axe          |    83 |     6 ||    89
       Kick              |    17 |     3 ||    20
       Peck              |    15 |       ||    15
Throw: Boomerang         |     7 |       ||     7
  Use: Scroll            |     3 |       ||     3
       Potion            |     1 |       ||     1
Armor: Leather armour    |    15 |       ||    15
       Chain mail        |     7 |       ||     7
Dodge: Dodged            |    30 |     9 ||    39

Table legend:
 A = Non-vault XP
 B = Vault XP
 C = Vault XP percentage of total XP
 D = Non-vault monster count
 E = Vault monster count
 F = Vault count percentage of total count
                 A         B        C        D         E       F
            +---------+---------+-------+---------+---------+-------
      Total |      63 |      25 |  28.4 |      27 |      10 |  27.0
            +---------+---------+-------+---------+---------+-------
        D:1 |      34 |      25 |  42.4 |      18 |      10 |  35.7
        D:2 |      29 |       0 |   0.0 |       9 |       0 |   0.0
            +---------+---------+-------+---------+---------+-------
